General information
- name: BNet
- type: Ladder team game (AT/RT)
- host: Battle.net
- saver: SilverFox
map: Mur'gulOasis
- players: 8
- length: 38:44
- speed: Fast
- version: 1.27 W3XP
- replay type: Public
» download(198 KB)
Players
team 1 (winner)
DonaldGayTrump (
purple | 49 APM | 1686 actions | 34:28)
5 Death Knight
3 Death Coil
2 Unholy Aura
4 Lich
2 Frost Nova
2 Frost Armor
3 Crypt Lord
2 Impale
1 Spiked Carapace
» actions
| Assign group hotkey | 21 | |
| Basic commands | 154 | |
| Build / train | 82 | |
| ESC pressed | 2 | |
| Enter build submenu | 19 | |
| Enter hero's abilities submenu | 12 | |
| Give item / drop item | 2 | |
| Right click | 835 | |
| Select / deselect | 263 | |
| Select group hotkey | 187 | |
| Use ability | 109 | |
1686 total
» units
| Acolyte | 9 | |
| Ghoul | 3 | |
| Crypt Fiend | 11 | |
| Frost Wyrm | 5 | |
| Obsidian Statue | 2 | |
30 total
» upgrades
| Creature Attack | 3 | |
| Web | 1 | |
| Creature Carapace | 3 | |
| Ghoul Frenzy | 1 | |
8 total
» buildings
| Graveyard | 1 | |
| Crypt | 1 | |
| Ziggurat | 7 | |
| Altar of Darkness | 1 | |
| Tomb of Relics | 1 | |
| Nerubian Tower | 3 | |
| Halls of the Dead | 2 | |
| Black Citadel | 1 | |
| Sacrificial Pit | 1 | |
| Spirit Tower | 1 | |
| Boneyard | 2 | |
| Slaughterhouse | 1 | |
22 total
» build order
00:09 Graveyard
00:13 Crypt
00:38 Ziggurat
00:57 Altar of Darkness
01:59 Tomb of Relics
02:02 Ziggurat
02:32 Nerubian Tower
02:32 Nerubian Tower
02:33 Nerubian Tower
03:55 Ziggurat
04:33 Halls of the Dead
04:33 Halls of the Dead
05:28 Ziggurat
06:55 Black Citadel
07:28 Sacrificial Pit
08:26 Spirit Tower
09:19 Boneyard
09:21 Boneyard
09:59 Ziggurat
10:00 Ziggurat
15:15 Slaughterhouse
17:26 Ziggurat
» items

»
MyLargeB0Ner (
teal | 37 APM | 1433 actions | 38:41)
5 Keeper of the Grove
2 Entangling Roots
3 Thorns Aura
3 Naga Sea Witch
2 Forked Lightning
1 Frost Arrows
» actions
| Build / train | 95 | |
| Enter build submenu | 24 | |
| Enter hero's abilities submenu | 8 | |
| Remove unit from queue | 1 | |
| Right click | 717 | |
| Select / deselect | 505 | |
| Use ability | 83 | |
1433 total
» units
| Wisp | 26 | |
| Archer | 5 | |
| Huntress | 14 | |
| Druid of the Claw | 7 | |
| Dryad | 12 | |
64 total
» upgrades
| Abolish Magic | 1 | |
| Druid of the Claw Training | 2 | |
| Strength of the Wild | 3 | |
| Reinforced Hides | 4 | |
10 total
» buildings
| Altar of Elders | 1 | |
| Moon Well | 6 | |
| Ancient of War | 3 | |
| Ancient of Wonders | 1 | |
| Hunter's Hall | 1 | |
| Tree of Ages | 1 | |
| Ancient Protector | 2 | |
| Ancient of Lore | 2 | |
| Tree of Eternity | 4 | |
| Tree of Life | 4 | |
25 total
» build order
00:06 Altar of Elders
00:07 Moon Well
00:39 Ancient of War
00:42 Ancient of War
02:23 Ancient of War
02:30 Moon Well
03:05 Ancient of Wonders
03:08 Hunter's Hall
05:47 Tree of Ages
05:49 Moon Well
05:55 Moon Well
05:57 Ancient Protector
06:04 Ancient Protector
08:41 Ancient of Lore
08:42 Ancient of Lore
13:18 Tree of Eternity
13:18 Tree of Eternity
15:09 Moon Well
15:10 Moon Well
21:05 Tree of Life
22:14 Tree of Life
24:23 Tree of Life
24:29 Tree of Life
» items
| Circlet of Nobility | 1 | |
| Scroll of Town Portal | 1 | |
2 total
SilverFox (
yellow | 41 APM | 1574 actions | 38:44)
6 Blademaster
3 Wind Walk
3 Critical Strike
» actions
| Assign group hotkey | 111 | |
| Basic commands | 244 | |
| Build / train | 57 | |
| Enter build submenu | 45 | |
| Enter hero's abilities submenu | 6 | |
| Give item / drop item | 9 | |
| Right click | 506 | |
| Select / deselect | 311 | |
| Select group hotkey | 171 | |
| Use ability | 114 | |
1574 total
» units
» upgrades
| Armor | 3 | |
| Reinforced Defenses | 1 | |
| Ranged Weapons | 3 | |
| Envenomed Spears | 1 | |
8 total
» buildings
| Orc Burrow | 7 | |
| Altar of Storms | 1 | |
| Barracks | 1 | |
| Voodoo Lounge | 2 | |
| Stronghold | 3 | |
| War Mill | 3 | |
| Beastiary | 4 | |
| Watch Tower | 28 | |
| Great Hall | 4 | |
| Fortress | 1 | |
54 total
» build order
00:16 Orc Burrow
00:52 Altar of Storms
00:53 Barracks
01:05 Orc Burrow
01:57 Voodoo Lounge
02:00 Voodoo Lounge
02:54 Stronghold
02:55 Stronghold
02:55 Stronghold
04:00 War Mill
04:05 Orc Burrow
04:44 Orc Burrow
05:28 Beastiary
05:30 Beastiary
05:34 Orc Burrow
06:19 Watch Tower
06:20 Watch Tower
06:21 Watch Tower
10:00 Great Hall
10:16 Watch Tower
10:16 Watch Tower
10:17 Watch Tower
10:17 Watch Tower
11:43 Fortress
12:55 Watch Tower
12:56 Watch Tower
12:56 Watch Tower
12:57 Watch Tower
12:58 Watch Tower
12:58 Watch Tower
12:59 Watch Tower
13:33 Beastiary
13:34 Beastiary
14:33 War Mill
14:46 Orc Burrow
14:49 Orc Burrow
22:20 War Mill
22:30 Watch Tower
22:31 Watch Tower
22:34 Watch Tower
22:34 Watch Tower
22:35 Watch Tower
22:37 Watch Tower
28:10 Great Hall
28:13 Watch Tower
28:14 Watch Tower
28:14 Watch Tower
28:15 Watch Tower
28:16 Watch Tower
28:17 Watch Tower
28:17 Watch Tower
28:18 Watch Tower
30:08 Great Hall
30:15 Great Hall
» items
| Healing Salve | 5 | |
| Periapt of Vitality | 1 | |
| Staff of Teleportation | 1 | |
| Potion of Lesser Invulnerability | 1 | |
| Orb of Lightning | 1 | |
| Potion of Healing | 1 | |
| Scroll of Town Portal | 1 | |
11 total
Dalarin (
pink | 17 APM | 663 actions | 38:41)
3 Archmage
1 Blizzard
2 Summon Water Elemental
» actions
| Assign group hotkey | 15 | |
| Basic commands | 8 | |
| Build / train | 48 | |
| Enter build submenu | 13 | |
| Enter hero's abilities submenu | 3 | |
| Remove unit from queue | 2 | |
| Right click | 197 | |
| Select / deselect | 228 | |
| Select group hotkey | 110 | |
| Use ability | 39 | |
663 total
» units
| Peasant | 12 | |
| Siege Engine | 16 | |
| Mortar Team | 3 | |
31 total
» upgrades
| Gunpowder | 3 | |
| Armor | 1 | |
| Lumber Harvesting | 2 | |
| Barrage | 1 | |
| Plating | 2 | |
9 total
» buildings
| Altar of Kings | 1 | |
| Farm | 12 | |
| Lumber Mill | 1 | |
| Keep | 1 | |
| Blacksmith | 1 | |
| Castle | 1 | |
| Workshop | 4 | |
21 total
» build order
00:12 Altar of Kings
00:37 Farm
01:05 Farm
01:16 Lumber Mill
02:13 Keep
02:39 Blacksmith
02:41 Farm
02:41 Farm
04:38 Castle
04:45 Workshop
05:00 Workshop
05:56 Farm
05:57 Farm
07:23 Farm
07:24 Farm
07:25 Farm
15:25 Farm
15:25 Farm
15:25 Farm
20:16 Workshop
20:16 Workshop
team 2 (loser)

»
thehordling (
green | 35 APM | 482 actions | 13:43)
2 Mountain King
1 Storm Bolt
1 Bash
1 Paladin
1 Holy Light
» actions
| Basic commands | 14 | |
| Build / train | 47 | |
| Enter build submenu | 21 | |
| Enter hero's abilities submenu | 3 | |
| Right click | 161 | |
| Select / deselect | 203 | |
| Use ability | 33 | |
482 total
» units
| Peasant | 6 | |
| Footman | 11 | |
| Spell Breaker | 6 | |
| Rifleman | 2 | |
| Knight | 5 | |
30 total
» upgrades
» buildings
| Altar of Kings | 1 | |
| Farm | 9 | |
| Barracks | 1 | |
| Scout Tower | 4 | |
| Arcane Tower | 4 | |
| Lumber Mill | 1 | |
| Arcane Vault | 1 | |
| Keep | 1 | |
| Blacksmith | 1 | |
| Guard Tower | 2 | |
| Arcane Sanctum | 1 | |
| Castle | 1 | |
27 total
» build order
00:09 Altar of Kings
00:36 Farm
00:52 Barracks
01:12 Farm
01:28 Scout Tower
02:00 Arcane Tower
02:01 Arcane Tower
02:01 Arcane Tower
02:14 Lumber Mill
02:28 Farm
03:18 Arcane Vault
04:16 Keep
04:24 Farm
04:26 Farm
05:16 Blacksmith
05:32 Scout Tower
05:36 Scout Tower
06:11 Guard Tower
07:02 Arcane Sanctum
07:59 Farm
08:02 Farm
09:14 Scout Tower
09:28 Castle
09:45 Guard Tower
10:50 Farm
11:23 Farm
» items

»
SirDanksalot (
blue | 58 APM | 967 actions | 16:39)
5 Mountain King
3 Storm Bolt
2 Bash
2 Paladin
1 Holy Light
1 Divine Shield
» actions
| Assign group hotkey | 175 | |
| Basic commands | 77 | |
| Build / train | 54 | |
| Enter build submenu | 27 | |
| Enter hero's abilities submenu | 7 | |
| Give item / drop item | 1 | |
| Remove unit from queue | 1 | |
| Right click | 219 | |
| Select / deselect | 163 | |
| Select group hotkey | 167 | |
| Use ability | 76 | |
967 total
» units
| Peasant | 11 | |
| Rifleman | 8 | |
| Sorceress | 2 | |
| Dragonhawk Rider | 2 | |
| Knight | 4 | |
| Gryphon Rider | 1 | |
28 total
» upgrades
» buildings
| Altar of Kings | 1 | |
| Barracks | 1 | |
| Blacksmith | 2 | |
| Farm | 11 | |
| Arcane Vault | 1 | |
| Lumber Mill | 1 | |
| Scout Tower | 8 | |
| Keep | 1 | |
| Guard Tower | 3 | |
| Castle | 1 | |
| Arcane Sanctum | 2 | |
| Gryphon Aviary | 1 | |
33 total
» build order
00:43 Altar of Kings
00:48 Barracks
00:51 Blacksmith
00:57 Blacksmith
01:06 Farm
01:13 Farm
02:04 Farm
02:25 Arcane Vault
02:57 Farm
02:59 Farm
03:25 Lumber Mill
03:28 Scout Tower
03:31 Scout Tower
03:32 Scout Tower
03:33 Scout Tower
04:02 Farm
04:17 Scout Tower
06:10 Scout Tower
06:11 Scout Tower
06:12 Scout Tower
06:33 Keep
06:43 Guard Tower
06:51 Guard Tower
07:07 Guard Tower
07:14 Farm
07:15 Farm
09:02 Castle
09:29 Arcane Sanctum
09:38 Arcane Sanctum
09:41 Gryphon Aviary
10:17 Farm
10:18 Farm
10:19 Farm
» items
| Scroll of Regeneration | 2 | |
| Lesser Clarity Potion | 3 | |
| Scroll of Town Portal | 3 | |
| Potion of Healing | 1 | |
| Orb of Fire | 1 | |
10 total

»
n_the_beginning (
red | 19 APM | 244 actions | 12:56)
1 Keeper of the Grove
1 Entangling Roots
1 Priestess of the Moon
1 Trueshot Aura
» actions
| Build / train | 28 | |
| Enter build submenu | 14 | |
| Enter hero's abilities submenu | 2 | |
| Right click | 62 | |
| Select / deselect | 79 | |
| Use ability | 59 | |
244 total
» units
» buildings
| Moon Well | 9 | |
| Altar of Elders | 1 | |
| Hunter's Hall | 1 | |
| Ancient Protector | 8 | |
| Tree of Ages | 1 | |
| Tree of Eternity | 1 | |
| Ancient of Wind | 1 | |
| Tree of Life | 1 | |
| Chimaera Roost | 5 | |
28 total
» build order
01:03 Moon Well
01:07 Altar of Elders
01:12 Moon Well
01:18 Moon Well
01:20 Moon Well
01:22 Moon Well
01:25 Moon Well
02:57 Hunter's Hall
04:44 Ancient Protector
04:45 Ancient Protector
04:45 Ancient Protector
04:47 Ancient Protector
04:50 Ancient Protector
05:02 Tree of Ages
05:10 Ancient Protector
05:13 Ancient Protector
05:39 Ancient Protector
07:53 Tree of Eternity
07:58 Ancient of Wind
08:08 Moon Well
08:08 Moon Well
08:10 Moon Well
09:29 Tree of Life
10:17 Chimaera Roost
10:17 Chimaera Roost
10:18 Chimaera Roost
12:18 Chimaera Roost
12:19 Chimaera Roost
NoForgiveness (
orange | 96 APM | 3705 actions | 38:41)
9 Archmage
3 Summon Water Elemental
3 Brilliance Aura
1 Mass Teleport
2 Blizzard
» actions
| Assign group hotkey | 128 | |
| Basic commands | 51 | |
| Build / train | 209 | |
| ESC pressed | 10 | |
| Enter build submenu | 57 | |
| Enter hero's abilities submenu | 9 | |
| Give item / drop item | 7 | |
| Remove unit from queue | 1 | |
| Right click | 1296 | |
| Select / deselect | 547 | |
| Select group hotkey | 1068 | |
| Use ability | 322 | |
3705 total
» units
| Peasant | 13 | |
| Footman | 8 | |
| Dragonhawk Rider | 3 | |
| Gryphon Rider | 5 | |
| Mortar Team | 5 | |
| Rifleman | 2 | |
36 total
» upgrades
| Swords | 3 | |
| Armor | 3 | |
| Masonry | 7 | |
| Animal War Training | 1 | |
| Storm Hammers | 1 | |
| Fragmentation Shards | 1 | |
| Gunpowder | 3 | |
| Long Rifles | 1 | |
20 total
» buildings
| Altar of Kings | 1 | |
| Barracks | 1 | |
| Farm | 10 | |
| Arcane Vault | 1 | |
| Blacksmith | 2 | |
| Keep | 2 | |
| Scout Tower | 41 | |
| Arcane Tower | 2 | |
| Lumber Mill | 1 | |
| Castle | 4 | |
| Guard Tower | 41 | |
| Gryphon Aviary | 1 | |
| Workshop | 2 | |
| Cannon Tower | 29 | |
| Town Hall | 1 | |
139 total
» build order
00:51 Altar of Kings
00:54 Barracks
00:58 Farm
01:05 Farm
01:08 Farm
01:56 Arcane Vault
02:12 Farm
02:33 Blacksmith
04:11 Farm
05:07 Keep
05:07 Keep
05:09 Scout Tower
05:33 Farm
05:42 Arcane Tower
05:43 Arcane Tower
05:45 Lumber Mill
05:46 Scout Tower
06:44 Scout Tower
06:45 Scout Tower
06:46 Scout Tower
06:59 Farm
07:32 Castle
07:33 Castle
07:33 Castle
07:34 Guard Tower
07:35 Guard Tower
07:39 Guard Tower
07:39 Guard Tower
07:39 Guard Tower
07:41 Guard Tower
08:14 Gryphon Aviary
10:04 Farm
11:59 Workshop
12:08 Scout Tower
12:10 Scout Tower
12:35 Scout Tower
12:38 Scout Tower
13:04 Cannon Tower
13:05 Cannon Tower
13:05 Cannon Tower
13:08 Cannon Tower
13:14 Cannon Tower
13:14 Cannon Tower
13:15 Cannon Tower
13:15 Cannon Tower
13:26 Scout Tower
13:31 Scout Tower
13:32 Scout Tower
13:34 Scout Tower
13:53 Scout Tower
13:54 Scout Tower
13:54 Scout Tower
13:55 Scout Tower
13:55 Scout Tower
13:56 Scout Tower
13:56 Scout Tower
13:57 Scout Tower
13:57 Scout Tower
13:58 Scout Tower
13:58 Scout Tower
13:58 Scout Tower
13:59 Scout Tower
13:59 Scout Tower
14:10 Guard Tower
14:10 Guard Tower
14:10 Guard Tower
14:10 Guard Tower
14:14 Cannon Tower
14:14 Guard Tower
14:15 Guard Tower
14:15 Guard Tower
14:18 Cannon Tower
14:18 Cannon Tower
14:53 Cannon Tower
14:53 Cannon Tower
14:53 Cannon Tower
14:54 Cannon Tower
15:46 Guard Tower
15:53 Guard Tower
15:53 Guard Tower
15:54 Guard Tower
15:57 Guard Tower
15:57 Guard Tower
15:58 Guard Tower
16:04 Guard Tower
16:05 Guard Tower
16:05 Guard Tower
16:05 Guard Tower
16:10 Guard Tower
18:05 Scout Tower
18:05 Scout Tower
18:06 Scout Tower
18:06 Scout Tower
18:07 Scout Tower
18:07 Scout Tower
18:09 Scout Tower
18:09 Scout Tower
18:10 Scout Tower
18:11 Scout Tower
18:11 Scout Tower
18:13 Workshop
19:59 Cannon Tower
19:59 Cannon Tower
19:59 Cannon Tower
20:00 Cannon Tower
20:00 Cannon Tower
20:00 Cannon Tower
20:01 Guard Tower
20:01 Guard Tower
20:02 Guard Tower
20:02 Guard Tower
23:23 Blacksmith
29:11 Farm
29:13 Farm
31:01 Town Hall
31:04 Scout Tower
31:06 Scout Tower
31:07 Scout Tower
31:45 Guard Tower
33:35 Guard Tower
33:35 Guard Tower
33:35 Guard Tower
» items
| Scroll of Regeneration | 11 | |
| Mechanical Critter | 5 | |
| Ivory Tower | 2 | |
| Scroll of Town Portal | 4 | |
| Staff of Sanctuary | 1 | |
| Periapt of Vitality | 1 | |
| Potion of Lesser Invulnerability | 1 | |
25 total
Chat log
(00:07 / All) NoForgiveness: Are you a Hillary supporter purple?
(00:14 / All) MyLargeB0Ner: purple, plz.
(00:16 / All) MyLargeB0Ner: Plz say no
(00:25 / Allies) DonaldGayTrump: i'm voting for her
(00:28 / All) NoForgiveness: Hillary supporter on my Bnet
(00:29 / All) DonaldGayTrump: voting for her
(00:29 / All) NoForgiveness: Sad!
(00:31 / All) thehordling: did you just assume my candedate?
(01:00 / All) SilverFox: Hilliary for prison 2016
(01:11 / All) DonaldGayTrump: better learn to say that in russian
(01:29 / All) NoForgiveness: lol
(01:39 / All) SilverFox: The emotional child's book on politics: ANYONE I DONT LIKE IS RUSSIAN!
(01:56 / All) Dalarin: shhhh dont talk about podesta and his uranium deal ....
(02:12 / All) SilverFox: or his massive holdings in a Russian energy company
(02:42 / All) n_the_beginning: hillary has a bigger stash in uranium death
(02:52 / All) NoForgiveness: Hillary is going to start WW3
(03:02 / 7) NoForgiveness: says you exited bnet again
(03:26 / 10) SilverFox: had some lag and closed utorrent and did it again lawl
(03:47 / All) n_the_beginning: hang out pin
(04:10 / All) n_the_beginning: oops
(04:16 / All) Dalarin: not worth the TP cost
(04:26 / All) n_the_beginning: ahh the stupid saying
(06:02 / 10) SilverFox: where u
(06:34 / Allies) DonaldGayTrump: run
(06:39 / 7) NoForgiveness: ty
(07:06 / Allies) Dalarin: tanks coming now
(07:15 / 10) SilverFox: pink tanks
(07:16 / Allies) DonaldGayTrump: k
(07:49 / 7) NoForgiveness: lawl
(07:53 / 7) NoForgiveness: red tree creeping mid
(08:09 / Allies) DonaldGayTrump: get rdy
(09:02 / Allies) Dalarin: wow no upgrade ...
(09:03 / Allies) MyLargeB0Ner: omw
(09:05 / Allies) MyLargeB0Ner: pink
(09:06 / Allies) MyLargeB0Ner: can you hit soon
(09:14 / Allies) Dalarin: yeah who you want me to hit
(09:28 / Allies) MyLargeB0Ner: all there bases are pretty tight
(09:29 / Allies) MyLargeB0Ner: try blue
(09:33 / Allies) Dalarin: kk
(09:45 / Allies) Dalarin: can you hit green hard and get them to tp ?
(09:51 / Allies) MyLargeB0Ner: yeah
(09:53 / Allies) MyLargeB0Ner: lets hit green hard guys
(10:26 / Allies) MyLargeB0Ner: get item
(10:48 / Allies) Dalarin: on the way to blue
(11:11 / Allies) DonaldGayTrump: tnakas
(11:20 / Allies) Dalarin: blue just tpd home
(11:43 / Allies) MyLargeB0Ner: wood plz?
(11:49 / 10) SilverFox: you need anti tank stuff
(12:02 / 7) NoForgiveness: your team strong
(12:16 / Allies) DonaldGayTrump: nice
(12:18 / Allies) DonaldGayTrump: oj?
(12:24 / Allies) Dalarin: red
(12:24 / Allies) MyLargeB0Ner: i dont have many units tho
(12:39 / Allies) DonaldGayTrump: good call
(12:55 / Allies) Dalarin: with an expo and wasted on towers
(12:56 / Allies) MyLargeB0Ner: get pally
(13:05 / Allies) MyLargeB0Ner: im out
(13:20 / 7) NoForgiveness: tk
(13:26 / Allies) MyLargeB0Ner: keep harrassing and we win
(13:31 / Allies) Dalarin: kill green now
(14:11 / 10) SilverFox: can you stop the tanks?
(14:16 / 7) NoForgiveness: not sure
(15:02 / Allies) Dalarin: oj went griffs
(15:13 / Allies) MyLargeB0Ner: anyone have spare wood?
(15:20 / 10) SilverFox: have your team prevent purp expo when you guyys can
(15:31 / Allies) SilverFox: lumber?
(15:35 / Allies) MyLargeB0Ner: n
(15:35 / Allies) MyLargeB0Ner: no
(15:37 / Allies) MyLargeB0Ner: they just tp'd
(15:38 / Allies) MyLargeB0Ner: hit green
(15:42 / Allies) DonaldGayTrump: alright
(15:57 / Allies) DonaldGayTrump: jesus...
(16:25 / 10) SilverFox: help your team if you can
(16:27 / 10) SilverFox: nvm
(16:30 / 10) SilverFox: kill purp expo
(16:31 / 7) NoForgiveness: can't do anything
(16:32 / 10) SilverFox: green is goner
(16:39 / All) MyLargeB0Ner: GG homos
(16:50 / Allies) SilverFox: lumbers?
(17:05 / 10) SilverFox: pink wide open base
(17:06 / Allies) DonaldGayTrump: guys
(17:09 / Allies) DonaldGayTrump: get wood workers
(17:15 / All) MyLargeB0Ner: OJ
(17:16 / All) MyLargeB0Ner: YOu suck dick
(17:17 / All) MyLargeB0Ner: Plz leave.
(17:19 / All) NoForgiveness: You lose
(17:23 / All) NoForgiveness: I say you leave
(17:25 / All) MyLargeB0Ner: What
(17:27 / All) MyLargeB0Ner: You are pregnant.
(17:28 / All) NoForgiveness: You lose
(17:34 / All) NoForgiveness: You obviously lost
(17:41 / All) NoForgiveness: anyone could tell that from an outside perspective
(17:42 / All) DonaldGayTrump: he's got a point
(17:44 / All) MyLargeB0Ner: are you about to go latino on me
(18:39 / All) NoForgiveness: out
(18:45 / Allies) DonaldGayTrump: why tk?
(18:51 / Allies) Dalarin: who
(18:53 / 7) NoForgiveness: mass tp
(18:56 / Allies) DonaldGayTrump: yellow
(18:59 / Allies) SilverFox: you hog lumber
(19:04 / Allies) MyLargeB0Ner: LOL
(19:11 / Allies) Dalarin: you have plenty of lumber wtf
(19:14 / Allies) DonaldGayTrump: i have 130
(19:23 / Allies) SilverFox: now me not
(19:29 / Allies) SilverFox: me need logs! FOR UPGRADES!
(19:40 / Allies) Dalarin: yellow dont be a dick
(19:45 / Allies) SilverFox: LOGS
(19:49 / Allies) MyLargeB0Ner: purp doesn't even have any lumber?
(19:58 / Allies) SilverFox: HIM HIDE IT
(20:20 / Allies) MyLargeB0Ner: what if i give you lumber?
(20:22 / Allies) MyLargeB0Ner: then will you stop
(20:28 / Allies) SilverFox: HOW MUCH WE TALKIN?
(20:29 / Allies) DonaldGayTrump: ayou know he wont
(20:33 / Allies) MyLargeB0Ner: 450
(20:43 / Allies) MyLargeB0Ner: 450?
(21:04 / Allies) SilverFox: 1k needed
(21:15 / Allies) MyLargeB0Ner: can you spare some gold in return?
(21:25 / Allies) DonaldGayTrump: stop trying lol
(21:26 / All) SilverFox: ME NEED THE GOLD
(21:31 / All) NoForgiveness: Out
(21:32 / All) NoForgiveness: You lose
(21:43 / Allies) DonaldGayTrump: oh
(21:47 / Allies) DonaldGayTrump: you're buddies with oj
(23:02 / 7) NoForgiveness: omw to top right expo
(23:05 / All) SilverFox: THE WALL JUST GOT 10 FEET HIGHER
(23:21 / All) DonaldGayTrump: a douchebag trump supporter, whoda thunk it
(23:26 / All) SilverFox: YOU HAVE TO GO BACK
(23:49 / All) SilverFox: WHEN PURPLE SENDS HIS PEOPLE OVER HES NOT SENDING HIS BEST
(23:49 / All) NoForgiveness: Pussy Hillary supports who can't take the heat
(23:54 / All) NoForgiveness: who woulda thunk it
(23:58 / All) SilverFox: I'LL TK YOUR ASS SO FAST YOUR HEAD WILL SPIN
(24:00 / All) NoForgiveness: easily outsmarted
(24:06 / All) DonaldGayTrump: you already did
(24:38 / Allies) DonaldGayTrump: and i got 2 teammates who won't even kill the tker after he's trying to tk for 10 minutes
(24:40 / Allies) MyLargeB0Ner: yellow
(24:51 / All) SilverFox: YOU CAN'T BOX THE FOX
(24:59 / Allies) DonaldGayTrump: TEAL HES TKING WHAT THE FUCK MAKES YOU THINK HE WILL DO ANYTHING?
(25:07 / Allies) DonaldGayTrump: i swear
(25:19 / All) SilverFox: YOU CAN'T STUMP THE TRUMP AND YOU CAN'T BOX THE FOX
(25:24 / All) NoForgiveness: I've had this one footman all game
(25:45 / Allies) Dalarin: let it go teal
(25:47 / Allies) MyLargeB0Ner: yellow
(25:48 / Allies) MyLargeB0Ner: lets hit
(25:51 / All) SilverFox: Lots of fresh crab out here, meats back in the menu boys!
(27:44 / Allies) Dalarin: back entrance to OJ
(30:06 / Allies) DonaldGayTrump: get hippos and/or faeries teal
(30:09 / Allies) DonaldGayTrump: i gave you 3k..
(30:54 / All) NoForgiveness: You may leave now teal
(33:46 / All) SilverFox: I had noob hilliary voters on my team
(33:57 / All) SilverFox: it was hardly fair!
(34:11 / All) NoForgiveness: My team was a bunch of numbskulls but at least they weren't open shillary supporters
(34:46 / All) SilverFox: I can't whisper him TT
(35:02 / All) NoForgiveness: 222-220 for him now
(37:30 / All) SilverFox: do you bozos have anything to say for yourselves?
(37:40 / All) SilverFox: last building
(37:52 / All) SilverFox: I'll give you 30 seconds to have a final say
(38:35 / All) SilverFox: then you shall forever hold your peace...